 Dungeon Crawl Stone Soup version 0.21.1-1-g345015f (webtiles) character file.

8 shakethe the Skirmisher (level 2, 24/24 HPs)
             Began as a Demonspawn Fighter on Feb 21, 2018.
             Quit the game on level 1 of the Dungeon.
             The game lasted 00:00:19 (304 turns).

shakethe the Skirmisher (Demonspawn Fighter)         Turns: 304, Time: 00:00:20

Health: 24/24      AC:  6    Str: 16    XL:     2   Next: 0%
Magic:  2/2        EV:  6    Int:  9    God:
Gold:   64         SH:  8    Dex: 12    Spells: 1/1 levels left

rFire    . . .     SeeInvis .   a - +0 war axe
rCold    . . .     Gourm    .   c - +0 shield
rNeg     . . .     Faith    .   b - +0 scale mail
rPois    .         Spirit   .   (no helmet)
rElec    .         Reflect  .   (no cloak)
rCorr    .         Harm     .   (no gloves)
MR       .....                  (no boots)
Stlth    +.........             (no amulet)
HPRegen  0.08/turn              (no ring)
MPRegen  0.08/turn              (no ring)

@: no status effects
A: nightstalker 1
a: no special abilities


You were on level 1 of the Dungeon.
You were not hungry.

You visited 1 branch of the dungeon, and saw 1 of its levels.

You collected 64 gold pieces.

Inventory:

Hand Weapons
 a - a +0 war axe (weapon)
Armour
 b - a +0 scale mail (worn)
 c - a +0 shield (worn)
Jewellery
 e - a +3 ring of intelligence {unknown}
   (You found it on level 1 of the Dungeon)
Scrolls
 g - a scroll of remove curse {unknown}
Potions
 d - a potion of might
Comestibles
 f - a ration


   Skills:
 + Level 3.2 Fighting
 + Level 2.0 Axes
 + Level 2.9 Armour
 - Level 2.6 Shields


You had one spell level left.
You didn't know any spells.

Dungeon Overview and Level Annotations

Branches:
Dungeon (1/15)

Altars:


Innate Abilities, Weirdness & Mutations

You are slightly more attuned to the shadows.


Message History

No target in view!
No target in view!
No target in view!
No target in view!
You now have 35 gold pieces (gained 6).
You see here a kobold corpse.
There is an escape hatch in the floor here.
You open the door.
A rat comes into view.
There is an open door here.
You closely miss the rat. You block the rat's attack.
The rat bites you but does no damage.
You closely miss the rat. The rat bites you but does no damage.
You barely miss the rat. You block the rat's attack.
The rat bites you but does no damage.
You closely miss the rat. You block the rat's attack.
You closely miss the rat. You block the rat's attack.
The rat bites you but does no damage.
You slash the rat!
You kill the rat!
No target in view!
No target in view!
No target in view!
No target in view!
No target in view!
No target in view!
As you open the door, it creaks loudly!
There is an open door here.
You now have 47 gold pieces (gained 12).
A kobold comes into view. It is wielding a short sword.
The kobold shouts!
A goblin comes into view. It is wielding a dagger.
The goblin shouts!
The kobold barely misses you. The goblin hits you but does no damage.
You hit the kobold but do no damage. You closely miss the goblin.
You block the kobold's attack. You block the goblin's attack.
The kobold completely misses you.
A kobold comes into view. It is wielding a short sword.
You closely miss the kobold. You closely miss the goblin.
The kobold shouts!
The goblin hits you but does no damage. You block the kobold's attack.
You hit the kobold.
You kill the kobold!
Your Axes skill increases to level 2!
You barely miss the goblin. You block the goblin's attack.
The goblin hits you but does no damage.
You hit the goblin.
You kill the goblin!
The kobold throws a stone.
The stone hits you but does no damage. You block the kobold's attack.
Things that are here:
a dagger; a tubular bronze ring You hit the kobold.
The kobold hits you but does no damage. The kobold hits you with a short sword.
You take 1 damage, and have 17/18 hp.
You slash the kobold!
You kill the kobold!
You have reached level 2!
Your demonic ancestry asserts itself...
You slip into the darkness of the dungeon.
You regained 5 hp, and now have 22/24 hp.
MP restored: 2
e - a tubular bronze ring You see here a dagger.
No target in view!
No target in view!
No target in view!
No target in view!
No target in view!
No target in view!
No target in view!
No target in view!
Things that are here:
a short sword; a stone You see here a dagger.
You see here a short sword.
Found a stone staircase leading down.
No target in view!
No target in view!
No target in view!
No target in view!
No target in view!
No target in view!
No target in view!
No target in view!
There is a stone staircase leading down here.
You now have 64 gold pieces (gained 17).
g - a scroll labeled TIRHOI YDDOOSUODI Health restored: 24 No target in view!
No target in view!
No target in view!
No target in view!
No target in view!
No target in view!
No target in view!
No target in view!
No target in view!
Assign waypoint to what number? (0-9)
Okay, then.

. ### ###....#
....#.# ...#.#
## #.#.## .
#..##...####
..#......@...+
#...###...####
#...#.#.##
#..### ##.#
#.# #+##. #.#
#.##.# #.# #.#
.. #.#
#####.###.##


There were no monsters in sight!

Vanquished Creatures
  A dart slug (D:1)
  A goblin (D:1)
  3 kobolds (D:1)
  A rat (D:1)
6 creatures vanquished.

Notes
Turn   | Place    | Note
-------+----------+-------------------------------------------
     0 | D:1      | shakethe the Demonspawn Fighter began the quest for the Orb.
     0 | D:1      | Reached XP level 1. HP: 18/18 MP: 1/1
   257 | D:1      | Reached skill level 2 in Axes
   261 | D:1      | Gained mutation: You are slightly more attuned to the shadows. [demonic ancestry]
   261 | D:1      | Reached XP level 2. HP: 22/24 MP: 2/2
   304 | D:1      | Quit the game

Skill      XL: |  1 |
---------------+----+-----
Axes           | 2 |  2.0
Fighting       | |  3.2
Armour         | |  2.9
Shields        | |  2.6

Action                   || total
-------------------------++-------
Melee: War axe           ||    14
Armor: Scale mail        ||     8
Dodge: Dodged            ||     2
Block: Shield            ||    10

Vault maps used:
D:1:      eino_arrival_druids_welcome, minmay_pentomino_t4

Table legend:
 A = Turns spent in this place as a percentage of turns spent in the entire game.
 B = Non-inter-level travel turns spent in this place as a percentage of non-inter-level travel turns spent in the entire game.
 C = Inter-level travel turns spent in this place as a percentage of turns spent in this place.
 D = Turns resting spent in this place as a percentage of non-inter-level travel turns spent in this place.
 E = Turns spent auto-exploring this place as a percentage of non-inter-level travel turns spent in this place.
 F = Non-inter-level travel turns spent in this place divided by the number of levels of this place that you've seen.
                   A       B       C       D       E      F
               +-------+-------+-------+-------+-------+----------------------
         Total | 100.0 | 100.0 |   0.0 |  30.3 |  59.9 | 304.0
       Dungeon | 100.0 | 100.0 |   0.0 |  30.3 |  59.9 | 304.0
               +-------+-------+-------+-------+-------+----------------------

Table legend:
 A = Kills in this place as a percentage of kills in entire the game.
 B = Kills by you in this place as a percentage of kills by you in the entire game.
 C = Kills by friends in this place as a percentage of kills by friends in the entire game.
 D = Other kills in this place as a percentage of other kills in the entire game.
 E = Experience gained in this place as a percentage of experience gained in the entire game.
 F = Experience gained in this place divided by the number of levels of this place that you have seen.
                   A       B       C       D       E      F
               +-------+-------+-------+-------+-------+----------------------
         Total | 100.0 | 100.0 |   N/A |   N/A | 100.0 |  12.0
       Dungeon | 100.0 | 100.0 |   N/A |   N/A | 100.0 |  12.0
               +-------+-------+-------+-------+-------+----------------------
